AoeStats
← CoronaVirus

Fortress

510224856Analyzed
4v4 RM · 2d ago on Sep 30, 2026· 48m 4s· 8 players
Game mode
Random Map
Map size
Huge
Population
200
Speed
Normal
Resources
Standard
Victory
Conquest
Starting age
Dark Age
Ending age
Imperial Age
RankedLock teamsTeams togetherTeam positionsShared explorationLock speedFull tech treeHidden civsTurbo modeCheats
Victory
Defeat
🇺🇸 Chinese · United States
1217
+8
🇨🇦 Saracens · Canada
1003
+15
🇻🇳 Italians · Vietnam
971
+16
🇺🇸 Britons · United States
928
+52
🇲🇽 Teutons · Mexico
1044
-16
🇧🇷 Byzantines · Brazil
1013
-15
🇲🇽 Bohemians · Mexico
987
-14
🇺🇸 Mongols · United States
946
-12
CoronaVirus
1:18 Loom
8:12 Feudal Age
15:30 Castle Age
13:59 Horse Collar
14:07 Double-Bit Axe
14:14 Gold Mining
14:16 Stone Mining
17:25 Stone Shaft Mining
17:30 Gold Shaft Mining
18:17 Bow Saw
22:00 Wheelbarrow
21:28 Fletching
21:44 Scale Barding Armor
24:07 Heavy Plow
28:05 Imperial Age
26:28 Bloodlines
27:12 Caravan
28:43 Bodkin Arrow
29:09 Chain Barding Armor
29:54 Chemistry
29:15 Ballistics
29:57 Conscription
30:10 Hand Cart
29:41 Town Watch
29:58 Light Cavalry
30:39 Husbandry
30:57 Forging
31:19 Hussar
32:51 Iron Casting
34:49 Blast Furnace
36:32 Bracer
42:53 Elite Mangudai
alancazu
0:32 Loom
6:56 Feudal Age
7:48 Double-Bit Axe
7:45 Horse Collar
14:26 Castle Age
13:02 Stone Mining
13:20 Padded Archer Armor
13:10 Fletching
14:01 Gold Mining
15:42 Forging
15:32 Scale Mail Armor
19:40 Wheelbarrow
22:02 Ballistics
22:17 Bow Saw
22:49 Fortified Wall
25:54 Hand Cart
26:28 Town Watch
27:27 Leather Archer Armor
27:07 Bodkin Arrow
30:35 Imperial Age
28:36 Chain Mail Armor
28:56 Iron Casting
29:00 Man-at-Arms
29:41 Squires
29:26 Gambesons
29:50 Arson
29:39 Elite Skirmisher
31:19 Pikeman
33:09 Chemistry
31:54 Long Swordsman
33:13 Ring Archer Armor
33:14 Plate Mail Armor
33:44 Blast Furnace
33:25 Conscription
33:48 Halberdier
33:48 Two-Handed Swordsman
35:29 Capped Ram
37:28 Champion
38:46 Siege Engineers
Zee
8:38 Feudal Age
9:49 Double-Bit Axe
12:21 Castle Age
10:22 Horse Collar
11:49 Stone Mining
13:01 Wheelbarrow
13:58 Bow Saw
17:28 Stone Shaft Mining
18:02 Gold Mining
21:34 Gold Shaft Mining
20:48 Loom
22:10 Fortified Wall
26:16 Imperial Age
24:02 Hand Cart
24:45 Heavy Plow
25:28 Hand Cart
25:35 Scale Barding Armor
25:41 Forging
26:39 Husbandry
27:07 Chain Barding Armor
28:16 Two-Man Saw
27:44 Conscription
27:42 Logistica
29:54 Iron Casting
31:34 Plate Barding Armor
30:28 Elite Cataphract
35:16 Light Cavalry
37:17 Hussar
38:17 Fletching
38:13 Treadmill Crane
38:58 Ballistics
38:57 Bodkin Arrow
40:10 Hoardings
39:47 Bracer
44:25 Cavalier
Khan Mofeta
0:56 Loom
7:39 Feudal Age
14:14 Castle Age
12:43 Double-Bit Axe
12:40 Horse Collar
13:15 Scale Mail Armor
13:25 Forging
16:23 Chain Mail Armor
16:43 Iron Casting
18:56 Bow Saw
24:41 Pikeman
28:00 Imperial Age
26:49 Wheelbarrow
27:34 Chemistry
26:54 Ballistics
28:38 Hand Cart
28:57 Squires
33:00 Two-Man Saw
31:48 Halberdier
32:39 Halberdier
36:04 Onager
38:19 Houfnice
fate876
7:50 Feudal Age
9:31 Double-Bit Axe
13:48 Castle Age
14:12 Wheelbarrow
17:20 Bow Saw
16:52 Horse Collar
17:29 Gold Mining
21:10 Caravan
22:59 Gold Shaft Mining
23:41 Coinage
23:56 Heavy Plow
27:23 Hand Cart
27:01 Loom
29:30 Yeomen
30:03 Fletching
30:13 Padded Archer Armor
30:39 Fervor
30:59 Bodkin Arrow
31:30 Leather Archer Armor
35:28 Light Cavalry
36:23 Husbandry
48:04 Scale Barding Armor
48:12 Forging
Trailmaker
0:27 Loom
7:57 Feudal Age
12:02 Castle Age
10:11 Double-Bit Axe
10:14 Horse Collar
13:12 Bow Saw
13:12 Heavy Plow
15:28 Town Watch
16:22 Wheelbarrow
19:30 Stone Mining
23:52 Imperial Age
22:32 Hand Cart
22:10 Fletching
22:45 Fortified Wall
22:55 Ballistics
23:00 Gold Mining
24:02 Masonry
24:11 Town Patrol
24:48 Stone Shaft Mining
24:20 Murder Holes
24:33 Bodkin Arrow
24:39 Padded Archer Armor
25:09 Conscription
26:48 Thumb Ring
28:45 Chemistry
28:16 Architecture
27:54 Bracer
28:09 Leather Archer Armor
29:14 Two-Man Saw
30:42 Elite Chu Ko Nu
34:12 Ring Archer Armor
33:45 Scale Mail Armor
33:55 Forging
33:10 Capped Ram
34:09 Siege Ram
39:03 Caravan
39:33 Coinage
39:30 Heavy Scorpion
41:28 Squires
41:13 Arson
40:49 Elite Fire Lancer
43:10 Chain Mail Armor
43:31 Iron Casting
43:33 Rocketry
43:15 Great Wall
44:33 Plate Mail Armor
46:06 Pikeman
trashypanda
7:38 Feudal Age
8:19 Loom
11:40 Castle Age
9:44 Double-Bit Axe
12:55 Bow Saw
15:48 Horse Collar
16:42 Loom
19:35 Heavy Plow
20:45 Wheelbarrow
22:18 Hand Cart
23:35 Gold Mining
24:06 Scale Barding Armor
24:11 Forging
27:26 Imperial Age
25:32 Scale Barding Armor
25:37 Forging
25:38 Bloodlines
27:01 Fortified Wall
27:03 Masonry
27:21 Chain Barding Armor
27:37 Husbandry
28:24 Gold Shaft Mining
28:48 Elite Mameluke
30:03 Plate Barding Armor
30:04 Iron Casting
31:41 Hoardings
32:38 Iron Casting
36:10 Siege Engineers
35:58 Fletching
37:08 Blast Furnace
37:56 Bodkin Arrow
38:25 Ballistics
39:05 Chemistry
38:01 Murder Holes
41:08 Bracer
41:56 Padded Archer Armor
41:57 Scale Mail Armor
44:02 Conscription
43:55 Counterweights
45:41 Heavy Camel Rider
48:45 Two-Man Saw
Công An Xã
1:00 Loom
6:48 Feudal Age
8:09 Double-Bit Axe
14:01 Castle Age
12:37 Horse Collar
28:55 Imperial Age
27:19 Fletching
27:30 Padded Archer Armor
27:20 Light Cavalry
28:10 Bloodlines
28:01 Husbandry
28:42 Ballistics
30:36 Chemistry
29:37 Bodkin Arrow
29:53 Forging
31:07 Capped Ram
33:30 Elite Genoese Crossbowman
35:14 Hussar
41:39 Thumb Ring
43:23 Thumb Ring
45:42 Wheelbarrow
Connection lost

Rejoining the realm…

Still unreachable

The connection could not be restored.

Session expired

The server has moved on; the page needs a fresh start.